Match 46806776
Unlisted
Match 46806776
End
Engineer Squad
Construct Barracks
Construct Barracks
Selects Armored Battlegroup
Selects Armored Battlegroup
Selects Veteran Crews
1⁄4-ton 4x4 Truck
Riflemen Squad
M1 Mortar Team
Riflemen Squad
Construct Medical Station
M1 Mortar Team
Air Support Center
P-47 Strafing Run
Construct Motor Pool
P-47 Dive Bomb
M1 Anti-tank Gun Team
P-47 Strafing Run
M24 Chaffee Light Tank
P-47 Dive Bomb
M1 Anti-tank Gun Team
P-47 Strafing Run
P-47 Dive Bomb
Selects Fast Deploy
Selects M8 Scott SPG
Grasshopper Recon Run
P-47 Strafing Run
M8 Scott SPG
Construct Weapon Support Center
P-47 Dive Bomb
Grasshopper Recon Run
P-47 Strafing Run
M3 Armored Personnel Carrier
Engineer Squad
P-47 Strafing Run
Construct Tank Depot
P-47 Dive Bomb
P-47 Strafing Run
P-47 Dive Bomb
M4A1 Sherman Medium Tank
P-47 Strafing Run
M4A1 Sherman Medium Tank
P-47 Dive Bomb
P-47 Strafing Run
M4A1 Sherman Medium Tank
P-47 Strafing Run
Selects Field Repairs
Selects War Machine
Selects UNKNOWN (2160077)
P-47 Dive Bomb
M4A3E8 Sherman Easy Eight
Grasshopper Recon Run
M4A3E8 Sherman Easy Eight
P-47 Strafing Run
P-47 Strafing Run
Riflemen Squad
Grasshopper Recon Run
Engineer Squad
M18 Hellcat Tank Destroyer
P-47 Dive Bomb
P-47 Strafing Run
P-47 Dive Bomb
M18 Hellcat Tank Destroyer
P-47 Strafing Run
P-47 Dive Bomb
P-47 Dive Bomb
M18 Hellcat Tank Destroyer
P-47 Strafing Run
Grasshopper Recon Run
P-47 Dive Bomb
M1 Anti-tank Gun Team
M1 Anti-tank Gun Team
P-47 Strafing Run
M4A3E8 Sherman Easy Eight
Grasshopper Recon Run
P-47 Dive Bomb
P-47 Strafing Run
P-47 Dive Bomb
M1 Anti-tank Gun Team
M1 Anti-tank Gun Team
M1 Anti-tank Gun Team
P-47 Strafing Run
Grasshopper Recon Run
Riflemen Squad
Grenade Package
P-47 Dive Bomb
Riflemen Squad
P-47 Strafing Run
Grasshopper Recon Run
P-47 Dive Bomb
M3 Armored Personnel Carrier
Grasshopper Recon Run
P-47 Strafing Run
P-47 Dive Bomb
M4A3E8 Sherman Easy Eight
Grasshopper Recon Run
P-47 Strafing Run
.30 cal Machine Gun
Grasshopper Recon Run
P-47 Dive Bomb
XuZhongwei
老年抖枪术
Galaxy President Kim Jong Un
23333
HaoMingMo
SgtKalash
不满意来打我啊
higg0066
0
0
Comments sign in to comment!
No comments posted yet!